[ AOE2 MATCH · #466296192 ]
Team RMAztecs vs Wu
[ REPLAY ANALYSIS · EXTRACTED FROM THE RECORDED GAME ]
Feudal
14:31
Castle
—
Imperial
—
| APM avg | 31.4 |
| APM peak | 50 |
| eAPM avg | 15.8 |
| Villagers / military | 31 / 0 |
Focus
⚔️ 12.6% · 🌾 87.4%
Fishing Ship ×8
Feudal
12:38
Castle
—
Imperial
—
| APM avg | 42.8 |
| APM peak | 70 |
| eAPM avg | 18.2 |
| Villagers / military | 32 / 0 |
Focus
⚔️ 16.5% · 🌾 83.5%
Fishing Ship ×11 · Unknown (2626) ×1
Feudal
13:25
Castle
—
Imperial
—
| APM avg | 26.5 |
| APM peak | 70 |
| eAPM avg | 11.2 |
| Villagers / military | 29 / 8 |
Focus
⚔️ 27.8% · 🌾 72.2%
Fishing Ship ×9 · Galley ×8
Feudal
13:12
Castle
—
Imperial
—
| APM avg | 34.3 |
| APM peak | 76 |
| eAPM avg | 9.9 |
| Villagers / military | 33 / 2 |
Focus
⚔️ 12.9% · 🌾 87.1%
Fishing Ship ×5 · Galley ×2
Feudal
13:52
Castle
—
Imperial
—
| APM avg | 39.9 |
| APM peak | 91 |
| eAPM avg | 16.8 |
| Villagers / military | 29 / 0 |
Focus
⚔️ 36.9% · 🌾 63.1%
Fishing Ship ×8
Feudal
13:23
Castle
—
Imperial
—
| APM avg | 24.0 |
| APM peak | 74 |
| eAPM avg | 10.8 |
| Villagers / military | 31 / 0 |
Focus
⚔️ 21.1% · 🌾 78.9%
Fishing Ship ×5
Feudal
13:26
Castle
17:02
Imperial
—
| APM avg | 27.9 |
| APM peak | 68 |
| eAPM avg | 14.7 |
| Villagers / military | 31 / 0 |
Focus
⚔️ 20.4% · 🌾 79.6%
Fishing Ship ×5
Feudal
13:38
Castle
—
Imperial
—
| APM avg | 29.6 |
| APM peak | 51 |
| eAPM avg | 11.0 |
| Villagers / military | 23 / 0 |
Focus
⚔️ 23.2% · 🌾 76.8%
Fishing Ship ×9 · Unknown (2626) ×1
Match map
Initial resources + every placement click. Lines = walls · curves = elevation contours. ◆ gold · ⬟ stone · ● berries · ✦ relic · ◌ wall gap
Inputs per minute
— What's bro yappin about? - - [KGS]Reaper
Build order — What's bro yappin about?
58 actions detected in the replay
| 0:08 | Build | Town Center |
| 0:14 | Build | Dock |
| 2:41 | Create | Villager (Male) ×4 |
| 3:07 | Create | Villager (Male) |
| 3:36 | Create | Fishing Ship |
| 3:36 | Create | Fishing Ship |
| 4:12 | Build | House |
| 4:42 | Create | Villager (Male) |
| 5:16 | Research | Loom |
| 5:33 | Create | Villager (Male) |
| 5:34 | Create | Villager (Male) |
| 5:36 | Create | Fishing Ship |
| 5:36 | Create | Fishing Ship |
| 5:44 | Create | Villager (Male) |
| 6:05 | Create | Villager (Male) |
| 6:19 | Build | House |
| 6:25 | Build | House |
| 6:33 | Create | Villager (Male) |
| 6:33 | Create | Villager (Male) |
| 6:43 | Create | Fishing Ship |
| 6:50 | Create | Villager (Male) |
| 6:50 | Create | Villager (Male) |
| 6:50 | Create | Villager (Male) |
| 7:12 | Create | Villager (Male) |
| 7:12 | Create | Villager (Male) |
| 7:13 | Create | Villager (Male) |
| 7:16 | Create | Villager (Male) |
| 7:19 | Create | Fishing Ship |
| 7:28 | Build | House |
| 8:19 | Create | Villager (Male) |
| 8:20 | Create | Fishing Ship |
| 8:54 | Create | Villager (Male) |
| 8:55 | Create | Villager (Male) |
| 9:11 | Create | Fishing Ship |
| 9:20 | Build | Palisade Wall |
| 9:24 | Build | House |
| 9:30 | Create | Villager (Male) |
| 9:42 | Build | Mill |
| 10:02 | Create | Villager (Male) |
| 10:08 | Build | Mining Camp |
| 10:09 | Create | Villager (Male) |
| 10:34 | Build | House |
| 10:55 | Build | Mill |
| 11:01 | Create | Villager (Male) |
| 11:03 | Create | Villager (Male) |
| 11:36 | Create | Villager (Male) |
| 11:39 | Build | Mining Camp |
| 11:59 | Research | Feudal Age |
| 12:28 | Build | Dock |
| 13:43 | Create | Villager (Male) |
| 13:44 | Create | Villager (Male) |
| 14:31 | Age | Feudal Age |
| 14:33 | Build | Market |
| 14:52 | Create | Villager (Male) |
| 15:01 | Build | Blacksmith |
| 15:43 | Research | Castle Age |
| 16:44 | Build | Lumber Camp |
| 17:09 | Research | Fletching |
Build order — [KGS]Reaper
77 actions detected in the replay
| 0:31 | Build | Town Center |
| 2:12 | Build | House |
| 2:34 | Create | Villager (Male) |
| 2:34 | Create | Villager (Male) |
| 2:35 | Create | Villager (Male) |
| 2:35 | Create | Villager (Male) |
| 2:46 | Build | Dock |
| 4:02 | Create | Villager (Male) |
| 4:03 | Create | Fishing Ship |
| 4:15 | Build | House |
| 4:40 | Create | Villager (Male) |
| 4:40 | Create | Villager (Male) |
| 5:11 | Create | Villager (Male) |
| 5:16 | Create | Fishing Ship |
| 5:16 | Create | Fishing Ship |
| 5:50 | Create | Villager (Male) |
| 5:50 | Create | Villager (Male) |
| 5:59 | Build | House |
| 6:13 | Create | Villager (Male) |
| 6:27 | Create | Fishing Ship |
| 6:27 | Create | Villager (Male) |
| 6:54 | Create | Villager (Male) |
| 7:01 | Create | Fishing Ship |
| 7:02 | Create | Fishing Ship |
| 7:09 | Create | Villager (Male) |
| 7:10 | Create | Villager (Male) |
| 7:29 | Build | House |
| 7:35 | Create | Fishing Ship |
| 7:54 | Create | Villager (Male) |
| 8:02 | Build | House |
| 8:18 | Create | Villager (Male) |
| 8:36 | Create | Villager (Male) |
| 8:44 | Build | House |
| 8:45 | Build | Palisade Wall |
| 8:49 | Create | Fishing Ship |
| 8:51 | Create | Villager (Male) |
| 9:04 | Build | Mill |
| 9:20 | Build | House |
| 9:29 | Build | House |
| 9:32 | Create | Villager (Male) |
| 9:41 | Create | Fishing Ship |
| 9:51 | Build | House |
| 10:03 | Create | Villager (Male) |
| 10:07 | Build | House |
| 10:27 | Research | Feudal Age |
| 10:33 | Build | Palisade Wall |
| 11:29 | Build | Palisade Wall |
| 11:40 | Build | Palisade Wall |
| 11:45 | Create | Villager (Male) |
| 12:05 | Create | Villager (Male) |
| 12:15 | Build | Mining Camp |
| 12:19 | Build | Palisade Wall |
| 12:38 | Age | Feudal Age |
| 12:47 | Create | Unit 2626 |
| 13:06 | Create | Villager (Male) |
| 13:17 | Build | Dock |
| 13:27 | Create | Villager (Male) |
| 13:40 | Create | Villager (Male) |
| 13:52 | Build | Mining Camp |
| 14:04 | Build | Lumber Camp |
| 14:05 | Create | Villager (Male) |
| 14:16 | Create | Fishing Ship |
| 14:16 | Create | Fishing Ship |
| 14:26 | Build | House |
| 14:47 | Build | Blacksmith |
| 14:54 | Create | Villager (Male) |
| 15:07 | Create | Villager (Male) |
| 15:13 | Build | Market |
| 15:17 | Build | House |
| 16:12 | Research | Castle Age |
| 16:12 | Research | Castle Age |
| 16:29 | Create | Villager (Male) |
| 16:31 | Build | House |
| 16:32 | Research | Fletching |
| 16:49 | Create | Villager (Male) |
| 16:54 | Create | Villager (Male) |
| 16:58 | Research | Double-Bit Axe |
Build order — 2rich4u81
69 actions detected in the replay
| 0:05 | Build | Town Center |
| 1:20 | Build | Dock |
| 2:28 | Create | Villager (Male) ×4 |
| 3:28 | Create | Fishing Ship |
| 3:54 | Create | Villager (Male) |
| 4:01 | Build | House |
| 4:44 | Create | Villager (Male) |
| 5:02 | Create | Fishing Ship |
| 5:20 | Create | Villager (Male) |
| 5:43 | Create | Fishing Ship |
| 5:48 | Create | Villager (Male) |
| 5:59 | Create | Villager (Male) |
| 6:15 | Build | House |
| 6:39 | Create | Villager (Male) |
| 6:40 | Create | Fishing Ship |
| 6:46 | Build | House |
| 7:00 | Create | Villager (Male) |
| 7:14 | Create | Fishing Ship |
| 7:37 | Research | Loom |
| 7:54 | Create | Fishing Ship |
| 7:56 | Create | Villager (Male) |
| 8:15 | Create | Fishing Ship |
| 8:17 | Create | Villager (Male) |
| 8:36 | Create | Villager (Male) |
| 8:39 | Create | Fishing Ship |
| 9:15 | Create | Villager (Male) |
| 9:17 | Create | Fishing Ship |
| 9:29 | Build | House |
| 9:44 | Create | Villager (Male) |
| 9:55 | Build | Dock |
| 10:24 | Create | Villager (Male) |
| 10:29 | Build | Mining Camp |
| 10:51 | Create | Villager (Male) |
| 11:09 | Research | Feudal Age |
| 11:23 | Build | Lumber Camp |
| 11:31 | Build | House |
| 12:19 | Build | Mill |
| 12:24 | Create | Villager (Male) |
| 13:22 | Create | Villager (Male) |
| 13:25 | Age | Feudal Age |
| 13:29 | Research | Double-Bit Axe |
| 13:38 | Create | Galley |
| 13:38 | Create | Galley |
| 13:44 | Create | Galley |
| 13:45 | Create | Galley |
| 13:46 | Create | Villager (Male) |
| 13:55 | Research | Gold Mining |
| 14:08 | Research | Horse Collar |
| 14:23 | Create | Villager (Male) |
| 14:29 | Build | Blacksmith |
| 14:30 | Create | Villager (Male) |
| 14:44 | Create | Galley |
| 14:44 | Create | Galley |
| 14:47 | Create | Villager (Male) |
| 15:14 | Build | Market |
| 15:19 | Research | Fletching |
| 15:20 | Create | Villager (Male) |
| 15:28 | Create | Villager (Male) |
| 15:51 | Research | Padded Archer Armor |
| 15:58 | Create | Villager (Male) |
| 16:00 | Build | House |
| 16:07 | Create | Galley |
| 16:09 | Create | Villager (Male) |
| 16:30 | Build | House |
| 16:50 | Research | Castle Age |
| 17:03 | Build | House |
| 17:16 | Build | House |
| 17:29 | Create | Galley |
| 17:33 | Create | Villager (Male) |
Build order — EL MAYA
53 actions detected in the replay
| 0:10 | Build | Town Center |
| 1:28 | Build | Dock |
| 2:32 | Create | Villager (Male) |
| 2:32 | Create | Villager (Male) |
| 2:33 | Create | Villager (Male) |
| 2:33 | Create | Villager (Male) |
| 2:39 | Build | House |
| 3:54 | Create | Villager (Male) |
| 4:18 | Build | House |
| 4:22 | Create | Fishing Ship |
| 4:41 | Create | Villager (Male) |
| 5:06 | Create | Villager (Male) |
| 5:07 | Create | Villager (Male) |
| 5:27 | Create | Villager (Male) |
| 5:39 | Create | Villager (Male) |
| 5:49 | Build | House |
| 6:15 | Create | Villager (Male) |
| 6:27 | Create | Fishing Ship |
| 6:47 | Create | Villager (Male) |
| 6:47 | Create | Villager (Male) |
| 6:52 | Create | Villager (Male) |
| 7:19 | Create | Fishing Ship |
| 7:23 | Create | Fishing Ship |
| 8:13 | Create | Villager (Male) |
| 8:13 | Create | Villager (Male) |
| 8:18 | Build | House |
| 8:22 | Create | Villager (Male) |
| 8:27 | Create | Villager (Male) |
| 8:28 | Create | Villager (Male) |
| 8:50 | Create | Villager (Male) |
| 9:07 | Create | Villager (Male) |
| 9:07 | Create | Villager (Male) |
| 9:40 | Create | Villager (Male) |
| 9:41 | Create | Villager (Male) |
| 9:52 | Build | Mining Camp |
| 9:55 | Create | Villager (Male) |
| 11:02 | Research | Feudal Age |
| 11:13 | Build | Dock |
| 11:50 | Build | House |
| 11:51 | Build | House |
| 12:09 | Create | Fishing Ship |
| 12:28 | Create | Villager (Male) |
| 12:28 | Create | Villager (Male) |
| 12:29 | Create | Villager (Male) |
| 12:29 | Create | Villager (Male) |
| 12:59 | Build | Dock |
| 13:02 | Create | Villager (Male) |
| 13:02 | Create | Villager (Male) |
| 13:02 | Create | Villager (Male) |
| 13:03 | Create | Villager (Male) |
| 13:12 | Age | Feudal Age |
| 13:14 | Create | Galley |
| 13:15 | Create | Galley |
Build order — Retired SweatLord
57 actions detected in the replay
| 0:06 | Build | Town Center |
| 0:52 | Build | Dock |
| 1:50 | Build | Palisade Wall |
| 1:54 | Build | Palisade Wall |
| 1:55 | Build | Palisade Wall |
| 2:40 | Research | Loom |
| 2:41 | Create | Villager (Male) |
| 2:41 | Create | Villager (Male) |
| 2:42 | Create | Villager (Male) |
| 2:42 | Create | Villager (Male) |
| 2:54 | Build | House |
| 3:40 | Create | Villager (Male) |
| 3:54 | Build | Building 796 |
| 3:59 | Build | House |
| 4:53 | Create | Fishing Ship |
| 4:53 | Create | Villager (Male) |
| 5:19 | Create | Villager (Male) |
| 5:20 | Create | Villager (Male) |
| 5:36 | Build | House |
| 6:20 | Create | Villager (Male) ×2 |
| 6:20 | Create | Villager (Male) ×2 |
| 7:05 | Build | House |
| 7:12 | Create | Villager (Male) ×2 |
| 7:12 | Create | Villager (Male) ×2 |
| 7:13 | Create | Villager (Male) ×2 |
| 7:57 | Create | Villager (Male) |
| 7:57 | Create | Villager (Male) |
| 8:00 | Create | Fishing Ship |
| 8:00 | Create | Fishing Ship |
| 8:01 | Create | Fishing Ship |
| 8:05 | Build | House |
| 8:40 | Create | Villager (Male) |
| 8:49 | Create | Fishing Ship |
| 8:54 | Build | House |
| 9:24 | Create | Villager (Male) |
| 9:24 | Create | Villager (Male) |
| 10:06 | Create | Villager (Male) |
| 10:06 | Create | Villager (Male) |
| 10:57 | Build | Mill |
| 11:17 | Create | Villager (Male) |
| 11:32 | Research | Feudal Age |
| 11:57 | Build | Mining Camp |
| 13:52 | Age | Feudal Age |
| 13:54 | Create | Villager (Male) |
| 13:54 | Create | Villager (Male) |
| 14:02 | Build | Market |
| 14:09 | Build | Blacksmith |
| 14:23 | Build | House |
| 14:27 | Build | House |
| 14:30 | Research | Town Watch |
| 14:32 | Create | Villager (Male) |
| 15:19 | Create | Fishing Ship |
| 15:19 | Create | Fishing Ship |
| 15:20 | Create | Fishing Ship |
| 15:27 | Build | Outpost |
| 15:44 | Research | Castle Age |
| 16:00 | Build | Mining Camp |
Build order — Vhuim
60 actions detected in the replay
| 0:07 | Build | Town Center |
| 1:10 | Build | Dock |
| 1:13 | Build | House |
| 1:41 | Build | House |
| 2:40 | Create | Villager (Male) |
| 2:41 | Create | Villager (Male) |
| 2:41 | Create | Villager (Male) |
| 2:41 | Create | Villager (Male) |
| 2:42 | Create | Villager (Male) |
| 4:11 | Create | Villager (Male) |
| 4:11 | Create | Villager (Male) |
| 4:47 | Create | Fishing Ship |
| 4:47 | Create | Villager (Male) |
| 4:48 | Create | Villager (Male) |
| 5:16 | Create | Villager (Male) |
| 5:16 | Create | Villager (Male) |
| 5:21 | Research | Loom |
| 5:21 | Research | Loom |
| 5:23 | Build | House |
| 5:33 | Build | Palisade Wall |
| 5:35 | Create | Villager (Male) |
| 5:35 | Create | Villager (Male) |
| 5:35 | Create | Villager (Male) |
| 6:00 | Create | Villager (Male) |
| 6:00 | Create | Villager (Male) |
| 6:15 | Create | Villager (Male) |
| 6:15 | Create | Villager (Male) |
| 6:44 | Build | House |
| 6:59 | Build | House |
| 7:10 | Build | House |
| 7:20 | Create | Fishing Ship |
| 7:35 | Create | Villager (Male) |
| 7:35 | Create | Villager (Male) |
| 7:35 | Create | Villager (Male) |
| 7:52 | Build | Mill |
| 8:04 | Create | Villager (Male) |
| 8:05 | Create | Villager (Male) |
| 8:28 | Create | Fishing Ship |
| 8:53 | Create | Villager (Male) |
| 9:14 | Build | House |
| 9:21 | Create | Villager (Male) |
| 9:21 | Create | Villager (Male) |
| 9:22 | Create | Villager (Male) |
| 9:28 | Create | Fishing Ship |
| 10:23 | Build | House |
| 10:40 | Create | Fishing Ship |
| 11:13 | Research | Feudal Age |
| 11:23 | Build | Mining Camp |
| 11:38 | Build | Palisade Wall |
| 13:23 | Age | Feudal Age |
| 13:27 | Build | Market |
| 13:31 | Create | Villager (Male) |
| 13:31 | Create | Villager (Male) |
| 13:58 | Build | Market |
| 14:11 | Create | Villager (Male) |
| 14:37 | Build | Blacksmith |
| 14:45 | Create | Villager (Male) |
| 15:12 | Research | Castle Age |
| 15:13 | Research | Castle Age |
| 15:28 | Build | Mining Camp |
Build order — Songoku
77 actions detected in the replay
| 0:04 | Build | Town Center |
| 0:50 | Build | Dock |
| 0:52 | Build | House |
| 0:59 | Build | House |
| 2:25 | Create | Villager (Male) |
| 2:25 | Create | Villager (Male) |
| 2:29 | Create | Villager (Male) |
| 3:01 | Create | Villager (Male) |
| 3:45 | Create | Fishing Ship |
| 3:52 | Create | Villager (Male) |
| 3:52 | Create | Villager (Male) |
| 3:52 | Create | Villager (Male) |
| 3:53 | Create | Villager (Male) |
| 4:29 | Create | Villager (Male) |
| 4:44 | Build | House |
| 4:48 | Research | Loom |
| 4:48 | Research | Loom |
| 5:14 | Create | Villager (Male) |
| 5:15 | Create | Villager (Male) |
| 5:28 | Create | Fishing Ship |
| 5:34 | Create | Villager (Male) |
| 6:05 | Create | Villager (Male) |
| 6:05 | Create | Villager (Male) |
| 6:19 | Create | Villager (Male) |
| 6:27 | Build | House |
| 6:50 | Create | Villager (Male) |
| 7:05 | Create | Villager (Male) |
| 7:27 | Create | Villager (Male) |
| 8:00 | Build | Mining Camp |
| 8:03 | Create | Villager (Male) |
| 8:19 | Build | House |
| 8:25 | Create | Villager (Male) |
| 8:32 | Build | House |
| 8:38 | Create | Fishing Ship |
| 8:48 | Create | Villager (Male) |
| 8:52 | Build | House |
| 9:04 | Create | Villager (Male) |
| 9:06 | Build | House |
| 9:12 | Build | House |
| 9:22 | Create | Villager (Male) |
| 9:35 | Create | Villager (Male) |
| 9:45 | Create | Fishing Ship |
| 10:06 | Build | Mill |
| 10:07 | Create | Villager (Male) |
| 10:15 | Build | House |
| 10:47 | Create | Fishing Ship |
| 10:53 | Create | Villager (Male) |
| 10:58 | Build | Farm |
| 11:00 | Build | Farm |
| 11:14 | Research | Feudal Age |
| 11:15 | Research | Feudal Age |
| 12:27 | Build | House |
| 13:01 | Create | Villager (Male) |
| 13:12 | Build | Barracks |
| 13:26 | Age | Feudal Age |
| 13:29 | Create | Villager (Male) |
| 13:32 | Build | Market |
| 13:34 | Build | Blacksmith |
| 14:22 | Research | Castle Age |
| 14:23 | Research | Castle Age |
| 14:29 | Build | Stone Wall |
| 14:49 | Research | Horse Collar |
| 14:53 | Research | Horse Collar |
| 14:58 | Build | Lumber Camp |
| 15:28 | Research | Double-Bit Axe |
| 15:29 | Research | Horse Collar |
| 15:31 | Create | Villager (Male) |
| 15:31 | Create | Villager (Male) |
| 15:55 | Build | Stone Wall |
| 15:59 | Build | Stone Wall |
| 16:07 | Build | Stone Wall |
| 16:21 | Research | Scale Mail Armor |
| 16:22 | Research | Forging |
| 16:22 | Research | Forging |
| 16:53 | Build | Farm |
| 17:02 | Age | Castle Age |
| 17:07 | Create | Villager (Male) |
Build order — Mihail
55 actions detected in the replay
| 0:30 | Build | Town Center |
| 1:03 | Build | Dock |
| 2:43 | Create | Villager (Male) |
| 2:44 | Create | Villager (Male) |
| 2:44 | Create | Villager (Male) |
| 2:44 | Create | Villager (Male) |
| 2:44 | Create | Villager (Male) |
| 3:37 | Create | Fishing Ship |
| 4:08 | Create | Villager (Male) |
| 4:13 | Build | House |
| 4:50 | Create | Fishing Ship |
| 5:06 | Research | Loom |
| 5:31 | Create | Villager (Male) |
| 5:34 | Create | Fishing Ship |
| 6:00 | Create | Villager (Male) |
| 6:01 | Create | Villager (Male) |
| 6:10 | Build | House |
| 6:20 | Create | Villager (Male) |
| 6:43 | Create | Fishing Ship |
| 7:03 | Create | Villager (Male) |
| 7:04 | Create | Villager (Male) |
| 7:27 | Create | Villager (Male) |
| 7:34 | Create | Fishing Ship |
| 8:08 | Build | House |
| 8:10 | Build | House |
| 8:22 | Create | Villager (Male) |
| 8:29 | Create | Fishing Ship |
| 8:30 | Create | Villager (Male) |
| 8:51 | Create | Villager (Male) |
| 8:53 | Create | Fishing Ship |
| 9:04 | Create | Villager (Male) |
| 9:31 | Create | Fishing Ship |
| 9:33 | Create | Villager (Male) |
| 9:38 | Build | House |
| 9:41 | Build | House |
| 9:54 | Create | Villager (Male) |
| 10:18 | Build | Mill |
| 10:29 | Build | House |
| 10:53 | Create | Fishing Ship |
| 10:54 | Create | Villager (Male) |
| 11:24 | Research | Feudal Age |
| 12:01 | Build | Mining Camp |
| 13:28 | Create | Villager (Male) |
| 13:38 | Age | Feudal Age |
| 13:39 | Build | Market |
| 13:41 | Build | Blacksmith |
| 13:48 | Create | Villager (Male) |
| 13:52 | Build | House |
| 14:08 | Build | House |
| 14:22 | Build | House |
| 14:31 | Build | House |
| 14:40 | Create | Villager (Male) |
| 15:25 | Research | Castle Age |
| 16:28 | Create | Unit 2626 |
| 17:15 | Build | Dock |
Match timeline
| 0:14 | What's bro yappin about? · first_building Dock |
| 0:50 | Songoku · first_building Dock |
| 0:52 | Retired SweatLord · first_building Dock |
| 1:03 | Mihail · first_building Dock |
| 1:10 | Vhuim · first_building Dock |
| 1:20 | 2rich4u81 · first_building Dock |
| 1:28 | EL MAYA · first_building Dock |
| 1:50 | Retired SweatLord · wall_segment Palisade Wall x1 |
| 1:54 | Retired SweatLord · wall_segment Palisade Wall x1 |
| 1:55 | Retired SweatLord · wall_segment Palisade Wall x1 |
| 2:46 | [KGS]Reaper · first_building Dock |
| 5:33 | Vhuim · wall_segment Palisade Wall x4 |
| 8:45 | [KGS]Reaper · wall_segment Palisade Wall x1 |
| 9:20 | What's bro yappin about? · wall_segment Palisade Wall x1 |
| 10:33 | [KGS]Reaper · wall_segment Palisade Wall x6 |
| 11:29 | [KGS]Reaper · wall_segment Palisade Wall x1 |
| 11:38 | Vhuim · wall_segment Palisade Wall x8 |
| 11:40 | [KGS]Reaper · wall_segment Palisade Wall x1 |
| 12:19 | [KGS]Reaper · wall_segment Palisade Wall x7 |
| 12:38 | [KGS]Reaper · age_up feudal |
| 13:12 | Songoku · first_building Barracks |
| 13:12 | EL MAYA · age_up feudal |
| 13:23 | Vhuim · age_up feudal |
| 13:25 | 2rich4u81 · age_up feudal |
| 13:26 | Songoku · age_up feudal |
| 13:38 | Mihail · age_up feudal |
| 13:52 | Retired SweatLord · age_up feudal |
| 14:29 | Songoku · wall_segment Stone Wall x9 |
| 14:31 | What's bro yappin about? · age_up feudal |
| 14:41 | Vhuim · first_market_buy 100 food |
| 15:28 | EL MAYA · resign |
| 15:55 | Songoku · wall_segment Stone Wall x4 |
| 15:59 | Songoku · wall_segment Stone Wall x9 |
| 16:07 | Songoku · wall_segment Stone Wall x7 |
| 17:02 | Songoku · age_up castle |
[ AI ANALYSIS · 1 CREDIT ]
What really happened in this match?
Wolo.gg analyzes every decision: build order, eco, micro, common mistakes by bracket. Personalized analysis on WhatsApp or Discord in 30 seconds.
Civ guide
Aztecs
Map guide
Nomad
Perfil
What's bro yappin about?